3AAA
SIOUX FALLS RED PANDAS @ SANTA BARBARA GOLDEN CRANES
06/24/2026
 
TOP OF THE 1ST
Sioux Falls Red Pandas batting - Pitching for Santa Barbara Golden Cranes : RHP Jason Troughton
Pitching: RHP Jason Troughton
Batting: RHB Ralph McKnight 0-0: Ball
1-0: Ground out 6-3 (Groundball, 6)
Batting: RHB Takanibu Yokoyama 0-0: Ball
1-0: Reached on error, E5 (Groundball, 56S)
Batting: LHB Armando Becerra 0-0: Ball
1-0: Called Strike
1-1: Fly out, F9 (Flyball, 9LM)
Batting: RHB Carlos Ortega 0-0: Ball
1-0: Ball
2-0: SINGLE (Line Drive, 6MD)
Takanibu Yokoyama to third
Runner from 3rd tries for Home, SAFE, no throw
Batting: LHB Juan Rodríguez 0-0: Foul Ball, location: 2F
0-1: Ball
1-1: Swinging Strike
1-2: Fly out, F9 (Flyball, 89S)
Top of the 1st over - 1 run(s), 1 hit(s), 1 error(s), 1 left on base; Sioux Falls 1 - Santa Barbara 0
BOTTOM OF THE 1ST
Santa Barbara Golden Cranes batting - Pitching for Sioux Falls Red Pandas : RHP Michael Fletcher
Pitching: RHP Michael Fletcher
Batting: RHB Luis Trevino 0-0: Ball
1-0: SINGLE (Flyball, 78S)
Batting: SHB Wilbert Carter 0-0: Ball
Luis Trevino is caught stealing 2nd base
1-0: Ball
2-0: Ball
3-0: Called Strike
3-1: Swinging Strike
3-2: SINGLE (Groundball, 4D)
Batting: RHB Rubén Campos 0-0: Ball
1-0: Called Strike
Pickoff Throw to First - Error! E1
Wilbert Carter to second
1-1: Ground out 1-3 (Groundball, 13S)
Wilbert Carter to third
Batting: LHB Armando Villarreal 0-0: Ball
1-0: Ball
2-0: Ground out 6-3 (Groundball, 56D)
Bottom of the 1st over - 0 run(s), 2 hit(s), 1 error(s), 1 left on base; Sioux Falls 1 - Santa Barbara 0
TOP OF THE 2ND
Sioux Falls Red Pandas batting - Pitching for Santa Barbara Golden Cranes : RHP Jason Troughton
Batting: SHB Mauro López 0-0: Ball
1-0: Ball
2-0: SINGLE (Line Drive, 78S)
Batting: RHB Pedro Cruz 0-0: Ball
1-0: Foul Ball, location: 2F
1-1: Fly out, F8 (Flyball, 78D)
Batting: RHB Jim Allen 0-0: Ball
1-0: Ball
2-0: Called Strike
2-1: Called Strike
2-2: Ball
3-2: Foul Ball, location: 2F
3-2: Ground out 5-3 (Groundball, 56S)
Mauro López to second
Batting: RHB Donald Stanley 0-0: Ball
1-0: Fly out, F5 (Line Drive, 5)
Top of the 2nd over - 0 run(s), 1 hit(s), 0 error(s), 1 left on base; Sioux Falls 1 - Santa Barbara 0
BOTTOM OF THE 2ND
Santa Barbara Golden Cranes batting - Pitching for Sioux Falls Red Pandas : RHP Michael Fletcher
Batting: RHB Pablo Lugo 0-0: Foul Ball, location: 2F
0-1: Foul Ball, location: 2F
0-2: Strikes out swinging
Batting: RHB Ángel López 0-0: Ball
1-0: Ball
2-0: Called Strike
2-1: Swinging Strike
2-2: Fly out, F9 (Flyball, 9S)
Batting: LHB Esteban Trujillo 0-0: Called Strike
0-1: Foul Ball, location: 2F
0-2: DOUBLE (Line Drive, 89D)
Batting: RHB Ronald Drumpf 0-0: Ball
1-0: Ball
2-0: Called Strike
2-1: Called Strike
2-2: Ball
3-2: Base on Balls
Batting: RHB Salvador Noriega 0-0: Ball
1-0: Called Strike
1-1: Ball
2-1: Ball
3-1: Base on Balls
Esteban Trujillo to third
Ronald Drumpf to second
Batting: RHB Luis Trevino 0-0: Ball
1-0: Called Strike
1-1: Fly out, F9 (Flyball, 9S)
Bottom of the 2nd over - 0 run(s), 1 hit(s), 0 error(s), 3 left on base; Sioux Falls 1 - Santa Barbara 0
TOP OF THE 3RD
Sioux Falls Red Pandas batting - Pitching for Santa Barbara Golden Cranes : RHP Jason Troughton
Batting: RHB Ralph McKnight 0-0: Ball
1-0: Reached on error, E5 (Groundball, 5)
Batting: RHB Takanibu Yokoyama 0-0: Called Strike
0-1: Ball
1-1: Ball
2-1: Called Strike
2-2: Ground out 1-3 (Groundball, P)
Ralph McKnight to second
Batting: LHB Armando Becerra 0-0: Ball
1-0: Ball
2-0: Ground out 4-3 (Groundball, 4)
Ralph McKnight to third
Batting: RHB Carlos Ortega 0-0: Called Strike
0-1: Ball
1-1: Called Strike
1-2: Foul Ball, location: 2F
1-2: Ball
2-2: Foul Ball, location: 2F
2-2: Strikes out swinging
Top of the 3rd over - 0 run(s), 0 hit(s), 1 error(s), 1 left on base; Sioux Falls 1 - Santa Barbara 0
BOTTOM OF THE 3RD
Santa Barbara Golden Cranes batting - Pitching for Sioux Falls Red Pandas : RHP Michael Fletcher
Batting: SHB Wilbert Carter 0-0: Called Strike
0-1: Foul Ball, location: 2F
0-2: Ball
1-2: Ground out 2-3 (Groundball, 15S)
Batting: RHB Rubén Campos 0-0: Ball
1-0: Ball
2-0: Called Strike
2-1: Ball
3-1: Base on Balls
Batting: LHB Armando Villarreal 0-0: Ball
Rubén Campos steals 2nd base
1-0: Called Strike
Rubén Campos steals 3rd base
1-1: Swinging Strike
1-2: Fly out, F2 (Popup, 2L)
Batting: RHB Pablo Lugo 0-0: Called Strike
0-1: Foul Ball, location: 2F
0-2: SINGLE (Groundball, 56D)
Rubén Campos scores
Batting: RHB Ángel López 0-0: Ball
Pablo Lugo steals 2nd base
1-0: Called Strike
1-1: SINGLE (Line Drive, 56D)
Pablo Lugo to third
Runner from 3rd tries for Home, SAFE, no throw
Batting: LHB Esteban Trujillo 0-0: Ball
1-0: Ball
Wild Pitch!
Ángel López to second
2-0: Swinging Strike
2-1: Foul Ball, location: 2F
2-2: Strikes out looking
Bottom of the 3rd over - 2 run(s), 2 hit(s), 0 error(s), 1 left on base; Sioux Falls 1 - Santa Barbara 2
TOP OF THE 4TH
Sioux Falls Red Pandas batting - Pitching for Santa Barbara Golden Cranes : RHP Jason Troughton
Batting: LHB Juan Rodríguez 0-0: SINGLE (Groundball, 4MS) (infield hit)
Batting: SHB Mauro López 0-0: Ball
1-0: Foul Ball, location: 2F
1-1: Fly out, F8 (Flyball, 8RS)
Batting: RHB Pedro Cruz 0-0: Ball
1-0: Foul Ball, location: 2F
1-1: Foul Ball, location: 2F
1-2: Strikes out swinging
Batting: RHB Jim Allen 0-0: Called Strike
0-1: Ball
1-1: Foul Ball, location: 2F
1-2: Fly out, F8 (Flyball, 8RS)
Top of the 4th over - 0 run(s), 1 hit(s), 0 error(s), 1 left on base; Sioux Falls 1 - Santa Barbara 2
BOTTOM OF THE 4TH
Santa Barbara Golden Cranes batting - Pitching for Sioux Falls Red Pandas : RHP Michael Fletcher
Batting: RHB Ronald Drumpf 0-0: Ball
1-0: Called Strike
1-1: Ball
2-1: Fly out, F8 (Flyball, 8RS)
Batting: RHB Salvador Noriega 0-0: Called Strike
0-1: Ball
1-1: Fly out, F9 (Line Drive, 9)
Batting: RHB Luis Trevino 0-0: Called Strike
0-1: Fly out, F2 (Popup, 5S)
Bottom of the 4th over - 0 run(s), 0 hit(s), 0 error(s), 0 left on base; Sioux Falls 1 - Santa Barbara 2
TOP OF THE 5TH
Sioux Falls Red Pandas batting - Pitching for Santa Barbara Golden Cranes : RHP Jason Troughton
Batting: RHB Donald Stanley 0-0: Ball
1-0: Foul Ball, location: 2F
1-1: Ground out 6-3 (Groundball, 6)
Batting: RHB Ralph McKnight 0-0: Ball
1-0: Called Strike
1-1: Fly out, F8 (Flyball, 8LD)
Batting: RHB Takanibu Yokoyama 0-0: Ball
1-0: Ball
2-0: Called Strike
2-1: SINGLE (Line Drive, 4MD)
Batting: LHB Armando Becerra 0-0: Ball
1-0: Ball
2-0: Called Strike
2-1: Ball
3-1: Foul Ball, location: 2F
3-2: Fly out, F9 (Line Drive, 89M)
Top of the 5th over - 0 run(s), 1 hit(s), 0 error(s), 1 left on base; Sioux Falls 1 - Santa Barbara 2
BOTTOM OF THE 5TH
Santa Barbara Golden Cranes batting - Pitching for Sioux Falls Red Pandas : RHP Michael Fletcher
Batting: SHB Wilbert Carter 0-0: Called Strike
0-1: DOUBLE (Line Drive, 9)
Batting: RHB Rubén Campos 0-0: Ground out 6-3 (Groundball, 6)
Wilbert Carter to third
Batting: LHB Armando Villarreal 0-0: Called Strike
0-1: Ball
1-1: SINGLE (Line Drive, 56)
Wilbert Carter scores
Batting: RHB Pablo Lugo 0-0: Called Strike
0-1: Ball
1-1: Swinging Strike
1-2: Ball
2-2: DOUBLE (Line Drive, 89D)
Armando Villarreal to third
Batting: RHB Ángel López 0-0: Called Strike
0-1: Called Strike
0-2: Ball
1-2: Strikes out swinging
Pitching: LHP Hwen-thiang Qin
Batting: LHB Esteban Trujillo 0-0: Ball
1-0: SINGLE (Line Drive, 6)
Armando Villarreal scores
Pablo Lugo to third
Runner from 3rd tries for Home, SAFE, no throw
Batting: RHB Ronald Drumpf 0-0: Swinging Strike
0-1: Ball
Wild Pitch!
Esteban Trujillo to second
1-1: SINGLE (Line Drive, 9S)
Esteban Trujillo to third
Batting: RHB Salvador Noriega 0-0: Called Strike
0-1: SINGLE (Groundball, 15S) (infield hit)
Esteban Trujillo scores
Ronald Drumpf to second
Batting: RHB Luis Trevino 0-0: Fielders Choice at 2nd, 5-4 (Groundball, 56)
Bottom of the 5th over - 4 run(s), 6 hit(s), 0 error(s), 1 left on base; Sioux Falls 1 - Santa Barbara 6
TOP OF THE 6TH
Sioux Falls Red Pandas batting - Pitching for Santa Barbara Golden Cranes : RHP Jason Troughton
Batting: RHB Carlos Ortega 0-0: Called Strike
0-1: Ball
1-1: Called Strike
1-2: Foul Ball, location: 2F
1-2: Foul Ball, location: 2F
1-2: Ball
2-2: Foul Ball, location: 2F
2-2: Ball
3-2: Foul Ball, location: 2F
3-2: Ground out 6-3 (Groundball, 6)
Batting: LHB Juan Rodríguez 0-0: Ball
1-0: Foul Ball, location: 2F
1-1: Ball
2-1: Foul Ball, location: 2F
2-2: Foul Ball, location: 2F
2-2: Strikes out swinging
Batting: SHB Mauro López 0-0: Foul Ball, location: 2F
0-1: Swinging Strike
0-2: Ball
1-2: Ball
2-2: Strikes out looking
Top of the 6th over - 0 run(s), 0 hit(s), 0 error(s), 0 left on base; Sioux Falls 1 - Santa Barbara 6
BOTTOM OF THE 6TH
Santa Barbara Golden Cranes batting - Pitching for Sioux Falls Red Pandas : LHP Hwen-thiang Qin
Batting: SHB Wilbert Carter 0-0: Foul Ball, location: 2F
0-1: Ball
1-1: Ball
2-1: Ball
3-1: Called Strike
3-2: Foul Ball, location: 2F
3-2: Foul Ball, location: 2F
3-2: Strikes out looking
Batting: RHB Rubén Campos 0-0: Called Strike
0-1: Called Strike
0-2: Ball
1-2: Ball
2-2: Foul Ball, location: 2F
2-2: Strikes out swinging
Batting: LHB Armando Villarreal 0-0: Called Strike
0-1: Ground out 6-3 (Groundball, 6)
Bottom of the 6th over - 0 run(s), 0 hit(s), 0 error(s), 0 left on base; Sioux Falls 1 - Santa Barbara 6
TOP OF THE 7TH
Sioux Falls Red Pandas batting - Pitching for Santa Barbara Golden Cranes : RHP Jason Troughton
Batting: RHB Pedro Cruz 0-0: Ball
1-0: Called Strike
1-1: Ball
2-1: Fly out, F4 (Popup, 4D)
Batting: RHB Jim Allen 0-0: Foul Ball, location: 2F
0-1: Swinging Strike
0-2: Fly out, F5 (Popup, 5L)
Batting: RHB Donald Stanley 0-0: Called Strike
0-1: Foul Ball, location: 2F
0-2: Strikes out swinging
Top of the 7th over - 0 run(s), 0 hit(s), 0 error(s), 0 left on base; Sioux Falls 1 - Santa Barbara 6
BOTTOM OF THE 7TH
Santa Barbara Golden Cranes batting - Pitching for Sioux Falls Red Pandas : LHP Hwen-thiang Qin
Batting: RHB Pablo Lugo 0-0: SINGLE (Flyball, 8RS)
Batting: RHB Ángel López 0-0: Called Strike
0-1: Ball
1-1: Swinging Strike
1-2: SINGLE (Groundball, 6MD)
Pablo Lugo to second
Runner from 2nd tries for 3rd, SAFE, throw made to third
Batting: LHB Esteban Trujillo 0-0: Ball
1-0: Swinging Strike
1-1: Swinging Strike
1-2: Foul Ball, location: 2F
1-2: Ball
Wild Pitch!
Pablo Lugo scores
Ángel López to second
2-2: Strikes out swinging
Pitching: RHP Javier López
Batting: RHB Ronald Drumpf 0-0: Called Strike
0-1: Called Strike
0-2: Ball
1-2: Ball
2-2: 2-RUN HOME RUN (Flyball, 7D), Distance : 382 ft
Batting: RHB Salvador Noriega 0-0: Foul Ball, location: 2F
0-1: Ball
1-1: Called Strike
1-2: Ball
2-2: Foul Ball, location: 2F
2-2: Fly out, F8 (Flyball, 8LM)
Batting: RHB Luis Trevino 0-0: Called Strike
0-1: SINGLE (Line Drive, 9S)
Batting: SHB Wilbert Carter 0-0: Called Strike
Luis Trevino steals 2nd base
0-1: Ball
1-1: Ball
2-1: Fly out, F9 (Flyball, 9LM)
Bottom of the 7th over - 3 run(s), 4 hit(s), 0 error(s), 1 left on base; Sioux Falls 1 - Santa Barbara 9
TOP OF THE 8TH
Sioux Falls Red Pandas batting - Pitching for Santa Barbara Golden Cranes : RHP Jason Troughton
Now at 3B: Everette Jeffers
Batting: RHB Ralph McKnight 0-0: Called Strike
0-1: Ground out 3-1 (Groundball, 34)
Batting: RHB Takanibu Yokoyama 0-0: Ball
1-0: Foul Ball, location: 2F
1-1: Fly out, F4 (Popup, 34)
Batting: LHB Armando Becerra 0-0: Ball
1-0: Swinging Strike
1-1: Ball
2-1: Fly out, F3 (Popup, 34)
Top of the 8th over - 0 run(s), 0 hit(s), 0 error(s), 0 left on base; Sioux Falls 1 - Santa Barbara 9
BOTTOM OF THE 8TH
Santa Barbara Golden Cranes batting - Pitching for Sioux Falls Red Pandas : RHP Javier López
Pinch Hitting: RHB Ángel Ruezga 0-0: Called Strike
0-1: Ball
1-1: Fly out, F3 (Popup, 3L)
Batting: LHB Armando Villarreal 0-0: Ball
1-0: Fly out, F8 (Line Drive, 8LS)
Batting: RHB Pablo Lugo 0-0: Swinging Strike
0-1: Called Strike
0-2: Ball
1-2: Ground out 1-3 (Groundball, P)
Bottom of the 8th over - 0 run(s), 0 hit(s), 0 error(s), 0 left on base; Sioux Falls 1 - Santa Barbara 9
TOP OF THE 9TH
Sioux Falls Red Pandas batting - Pitching for Santa Barbara Golden Cranes : RHP Jim Unknown
Pitching: RHP Jim Unknown
Now at 2B: Manny Rosário
Now in LF: Terry Sylvester
Batting: RHB Carlos Ortega 0-0: Ball
1-0: Swinging Strike
1-1: Foul Ball, location: 2F
1-2: Strikes out swinging
Batting: LHB Juan Rodríguez 0-0: Called Strike
0-1: Called Strike
0-2: Ball
1-2: Foul Ball, location: 2F
1-2: Strikes out looking
Batting: SHB Mauro López 0-0: Ball
1-0: SINGLE (Groundball, 34D)
Batting: RHB Pedro Cruz 0-0: Ball
1-0: Swinging Strike
1-1: Ball
2-1: Called Strike
2-2: Foul Ball, location: 2F
2-2: Strikes out looking
Top of the 9th over - 0 run(s), 1 hit(s), 0 error(s), 1 left on base; Sioux Falls 1 - Santa Barbara 9
Monday, March 20th, 2017 - OOTP Baseball 17.12 Build 75